Map: Ruins of Seras

Players

MorN - Winner!

  • Race: Terran Terran
  • League: Master

Limbic

  • Race: Protoss Protoss
  • League: Diamond

VOD

Have the link to the VOD?

Description

Time

  • Played on: Nov. 21, 2015, 9:06 p.m.
  • Length: 14:37
Show
View Real Time Build Order
Export as new Build Order

MorN Terran - Winner!

Build Orders: Cyclone Opening, MMM Bio 

Get SALT Encoding   

  12  0:00  SCV  
  13  0:12  SCV  
  14  0:18  Supply Depot  
  14  0:25  SCV  
  15  0:39  SCV  
  15  0:41  Barracks  
  16  0:46  Refinery  
  16  0:51  SCV  
  17  1:03  SCV  
  18  1:16  SCV  
  19  1:29  Marine, Orbital Command  
  20  1:44  Command Center  
  20  1:55  Factory  
  20  1:58  Marine  
  21  2:09  Supply Depot  
  21  2:10  SCV  
  22  2:23  SCV  
  23  2:31  Marine  
  23  2:35  SCV  
  25  2:38  Factory Tech Lab  
  25  2:40  Barracks  
  25  2:47  SCV  
  25  2:49  Marine  
  27  2:56  Orbital Command  
  27  2:58  Cyclone  
  30  3:00  SCV  
  31  3:13  Marine  
  31  3:16  SCV  
  31  3:17  Refinery  
  31  3:19  Engineering Bay  
  33  3:23  SCV  
  34  3:28  SCV  
  35  3:43  Stimpack  
  35  3:49  SCV, Missile Turret  
  35  3:51  Factory Reactor  
  36  3:56  SCV, Barracks  
  36  3:59  Barracks Tech Lab, Refinery  
  36  4:01  Marine  
  38  4:08  SCV  
  39  4:14  SCV  
  39  4:16  Terran Infantry Weapons Level 1, Bunker  
  40  4:19  Supply Depot  
  40  4:20  SCV  
  41  4:25  Marine x2  
  42  4:34  Command Center  
  42  4:43  Marine  
  42  4:45  Marine  
  44  4:47  SCV  
  44  4:48  Starport  
  44  4:49  Factory Reactor  
  45  4:54  SCV, Bunker  
  46  5:01  Supply Depot, SCV  
  46  5:06  SCV  
  48  5:08  Marine, Marauder  
  48  5:13  SCV  
  52  5:18  SCV  
  53  5:25  SCV  
  54  5:30  SCV  
  54  5:32  Marauder x2, Marine x2  
  61  5:36  Supply Depot  
  61  5:37  SCV  
  61  5:40  Factory Reactor  
  62  5:46  Medivac x2  
  62  5:48  SCV  
  67  5:50  Orbital Command  
  67  5:51  SCV  
  68  6:01  Supply Depot  
  68  6:10  Marine  
  68  6:11  Combat Shields, Marauder x2, Marine  
  74  6:12  SCV x2  
  74  6:15  SCV  
  77  6:20  Refinery  
  77  6:24  SCV  
  78  6:31  Marine  
  78  6:32  Marine  
  80  6:35  Terran Infantry Armor Level 1, SCV x2  
  80  6:36  Barracks x2  
  82  6:40  Supply Depot  
  78  6:54  SCV x2  
  80  6:55  SCV  
  80  6:59  Marine  
  80  7:00  Marauder x2, Medivac x2, Marine  
  80  7:01  Widow Mine x2  
  91  7:06  SCV  
  96  7:12  Orbital Command  
  88  7:17  Marine  
  88  7:21  Marauder x2  
  83  7:23  Marine  
  83  7:28  SCV x2  
  86  7:32  Medivac x2  
  86  7:35  Marine  
  91  7:41  SCV, Engineering Bay, Marine  
  91  7:42  SCV x2, Armory  
  95  7:49  Widow Mine x2  
  99  7:53  SCV  
  99  7:54  SCV  
  99  7:57  Barracks Reactor, Barracks Tech Lab  
  101  8:03  Supply Depot  
  101  8:04  Supply Depot x2  
  101  8:06  Supply Depot, Refinery  
  101  8:08  Refinery  
  101  8:24  Marine x3  
  101  8:25  SCV, Marauder  
  108  8:27  SCV x2  
  108  8:31  Terran Infantry Weapons Level 2, Terran Infantry Armor Level 2  
  109  8:37  SCV  
  109  8:38  Liberator  
  109  8:39  SCV, Supply Depot, Liberator  
  109  8:40  Marine  
  109  8:41  Marine  
  113  8:43  SCV, Marauder x2  
  113  8:46  Marauder  
  120  8:49  SCV, Marine  
  120  8:53  SCV, Barracks  
  120  8:54  Barracks  
  123  8:57  SCV, Barracks  
  123  8:59  Supply Depot  
  123  9:01  SCV  
  131  9:04  Command Center, Marauder  
  125  9:21  Liberator x2  
  106  9:31  Marine x3  
  104  9:32  Marauder x3  
  104  9:34  Widow Mine x2  
  118  9:39  Supply Depot  
  118  9:41  Marine  
  118  9:43  Supply Depot  
  125  9:52  Marine x3  
  128  9:53  Barracks Tech Lab x2, Marauder  
  128  9:54  Barracks Reactor  
  128  9:59  Supply Depot, Marine  
  129  10:00  Marine x2  
  129  10:01  Terran Vehicle Weapons Level 1  
  129  10:03  Widow Mine x2  
  136  10:09  Marine x3  
  139  10:15  Marauder  
  139  10:18  Marauder x2  
  145  10:22  Marine  
  145  10:23  Marauder  
  142  10:31  Widow Mine  
  142  10:32  Marine x3  
  142  10:33  Marauder  
  136  10:42  Marauder, Marine x2  
  122  10:50  Marine x3  
  122  10:51  Marauder  
  122  10:52  Medivac x2  
  122  10:55  Marine x2  
  122  10:56  Marauder  
  135  11:00  Marine x3  
  135  11:04  Marauder  
  134  11:10  Starport  
  134  11:13  Factory Reactor  
  134  11:14  Marine x2  
  134  11:15  Marauder, Marine x3  
  134  11:17  Marine, Marauder  
  134  11:18  Marauder  
  134  11:22  Medivac x2  
  134  11:25  Marauder  
  140  11:29  Planetary Fortress  
  140  11:41  Marine x2  
  140  11:42  Marauder x2, Marine x3  
  140  11:43  Marauder  
  140  11:46  Supply Depot  
  151  11:48  Supply Depot  
  151  11:49  Liberator x2  
  151  11:52  Medivac  
  151  11:54  Marine x3  
  148  11:59  Marine x3  
  141  12:03  Marine  
  141  12:04  Marauder x3  
  141  12:05  Marine  
  141  12:07  Medivac  
  155  12:11  Marine, Liberator  
  155  12:12  Marauder, Marine  
  159  12:17  Marine x2  
  159  12:19  Liberator  
  161  12:25  Marauder  
  161  12:27  Marine  
  161  12:28  Marauder, Marine x2  
  164  12:37  Liberator  
  164  12:39  Marine  
  164  12:40  Marauder, Marine x2  
  164  12:41  Marauder x2  
  173  12:45  Marine  
  173  12:46  Ghost Academy, Marauder  
  173  12:48  Missile Turret  
  173  12:49  Refinery x2  
  176  12:57  Medivac  
  181  12:59  Marine x2  
  181  13:00  Marauder, Marine x2  
  187  13:05  Command Center  
  187  13:09  Marine x2  
  187  13:10  Marauder x2, Marine  
  187  13:11  Marauder  
  195  13:26  Marine x2  
  188  13:27  Marauder  
  188  13:31  Marine x3  
  188  13:32  Marauder  
  188  13:33  Marauder, Marine x3  
  167  13:44  Marine x2  
  167  13:46  Medivac  
  167  13:47  Medivac  
  173  13:48  Marine, Marauder  
  173  13:49  Marine x2  
  173  13:51  Marauder  
  178  13:57  Marine  
  178  13:58  Marauder, Marine x2  
  182  14:04  Marine x2  
  182  14:06  Marine  
  187  14:10  SCV, Marauder  
  187  14:12  Marine x2  
  187  14:13  Marauder  
  192  14:21  Command Center  
Show
View Real Time Build Order
Export as new Build Order

Limbic Protoss 

Build Orders: Zealot Archon 

Get SALT Encoding   

  12  0:00  Probe (Chrono Boost)  
  13  0:11  Probe (Chrono Boost)  
  14  0:17  Pylon  
  14  0:23  Probe (Chrono Boost)  
  15  0:36  Probe (Chrono Boost)  
  15  0:39  Gateway  
  16  0:44  Assimilator  
  16  0:49  Assimilator  
  16  0:53  Probe (Chrono Boost)  
  17  1:04  Probe (Chrono Boost)  
  18  1:06  Pylon  
  18  1:14  Probe (Chrono Boost)  
  19  1:25  Probe (Chrono Boost)  
  20  1:26  Cybernetics Core  
  20  1:35  Probe (Chrono Boost)  
  21  1:46  Probe (Chrono Boost)  
  22  1:56  Probe (Chrono Boost)  
  23  2:02  Adept  
  23  2:03  Warp Gate  
  23  2:07  Mothership Core (Chrono Boost)  
  27  2:18  Nexus  
  27  2:25  Probe (Chrono Boost)  
  28  2:36  Probe (Chrono Boost)  
  29  2:42  Robotics Facility  
  29  2:43  Pylon  
  29  2:48  Probe (Chrono Boost)  
  30  3:00  Probe (Chrono Boost)  
  30  3:02  Sentry  
  33  3:06  Pylon  
  33  3:11  Probe (Chrono Boost)  
  34  3:22  Probe (Chrono Boost)  
  35  3:27  Pylon  
  35  3:32  Probe x2 (Chrono Boost)  
  35  3:42  Probe (Chrono Boost), Immortal  
  35  3:43  Probe (Chrono Boost)  
  41  3:50  Twilight Council  
  41  3:54  Probe x2 (Chrono Boost)  
  43  4:05  Probe x2 (Chrono Boost)  
  43  4:07  Gateway  
  45  4:10  Gateway  
  45  4:13  Sentry  
  47  4:18  Probe x2 (Chrono Boost)  
  49  4:26  Gateway, Observer  
  49  4:30  Probe x2 (Chrono Boost)  
  52  4:32  Blink  
  52  4:36  Assimilator  
  52  4:37  Assimilator  
  52  4:41  Probe x2 (Chrono Boost)  
  52  4:45  Stalker  
  56  4:52  Warp Prism  
  58  4:54  Probe (Chrono Boost)  
  58  4:55  Probe (Chrono Boost), Phoenix  
  60  5:00  Pylon  
  60  5:06  Probe x2 (Chrono Boost)  
  62  5:11  Stalker  
  62  5:12  Stalker  
  62  5:13  Phoenix  
  66  5:15  Stalker  
  68  5:29  Forge  
  68  5:30  Probe x2 (Chrono Boost), Forge  
  70  5:42  Stalker x3  
  76  5:44  Stalker  
  78  5:53  Pylon  
  78  5:57  Pylon  
  78  6:03  Protoss Ground Weapons Level 1 (Chrono Boost), Protoss Ground Armor Level 1 (Chrono Boost)  
  78  6:15  Adept x4  
  86  6:24  Gateway  
  86  6:26  Gateway  
  86  6:29  Gateway  
  86  6:31  Pylon  
  86  6:34  Templar Archives  
  86  6:55  Adept x4  
  94  7:02  Resonating Glaives  
  94  7:08  Nexus, Pylon  
  90  7:25  Pylon  
  90  7:27  Pylon  
  90  7:29  Immortal, Pylon  
  94  7:30  High Templar x2  
  94  7:31  High Templar x2  
  94  7:32  Photon Cannon  
  94  7:34  Pylon  
  94  7:36  Archon x2  
  102  7:43  Probe x2  
  104  7:48  Gateway  
  104  7:51  Gateway  
  104  7:55  High Templar x2, Assimilator  
  108  7:59  Archon, Assimilator  
  108  8:04  Protoss Ground Weapons Level 2 (Chrono Boost)  
  108  8:07  Probe  
  108  8:08  Probe  
  110  8:25  Photon Cannon  
  100  8:27  Photon Cannon  
  100  8:29  Probe x2 (Chrono Boost)  
  100  8:30  Pylon  
  100  8:31  Probe (Chrono Boost)  
  103  8:34  Protoss Ground Armor Level 2 (Chrono Boost)  
  103  8:38  Charge  
  103  8:44  Probe (Chrono Boost)  
  103  8:45  Probe x2 (Chrono Boost)  
  106  8:51  Adept x4  
  106  8:52  Adept  
  116  8:57  Probe x3 (Chrono Boost)  
  116  9:02  Warp Prism  
  113  9:19  Stalker x4  
  113  9:20  Stalker  
  107  9:32  Sentry x2  
  107  9:34  Probe x2  
  107  9:35  Probe  
  107  9:36  High Templar x2  
  118  9:40  Archon  
  118  9:58  High Templar x2  
  122  10:02  Adept x3  
  122  10:03  Adept  
  122  10:04  Archon  
  130  10:10  Nexus  
  130  10:12  Protoss Ground Weapons Level 3 (Chrono Boost)  
  130  10:14  Probe  
  131  10:16  Zealot x2  
  131  10:17  Zealot, Pylon x2  
  129  10:32  Stalker  
  129  10:33  Stalker x3  
  113  11:06  Photon Cannon  
  113  11:07  Pylon, Photon Cannon  
  113  11:08  Assimilator x2  
  113  11:09  Photon Cannon  
  113  11:10  High Templar  
  113  11:11  High Templar  
  117  11:14  Warp Prism  
  109  11:24  High Templar x5  
  119  11:27  Adept x4  
  119  11:28  Archon  
  119  11:29  Archon  
  127  11:36  Protoss Ground Armor Level 3  
  127  11:45  Pylon  
  119  11:58  Observer  
  115  12:10  Stalker x7  
  115  12:11  Stalker, High Templar  
  133  12:19  Archon  
  133  12:37  High Templar  
  133  12:38  High Templar x2  
  133  12:39  High Templar  
  133  12:41  Zealot x4  
  133  12:43  Archon  
  133  12:44  Archon  
  149  12:46  Zealot  
  151  12:52  Warp Prism  
  151  12:57  Dark Shrine  
  153  13:06  Pylon  
  153  13:08  Sentry x2  
  157  13:13  Adept x6  
  157  13:14  Adept  
  155  13:32  Zealot  
  155  13:33  Zealot x5  
  155  13:34  Zealot x3  
  79  13:44  High Templar x2  
  75  13:53  Archon  
  75  14:01  Robotics Bay  
  75  14:02  Stalker x4  
  85  14:03  Stalker x3, Robotics Facility  
  93  14:16  Dark Templar  
  94  14:27  Zealot x4  
  94  14:28  Zealot  
Tags
 
Add a new tag
Caveats
  • Supply blocks, unpowered buildings, or Contaminate may cause inaccurate times.
  • Supply counts are checked every 10 seconds.